← All builds
Suicide front / Armada / Factory first / OBSERVED BUILD

Standard suicide front

Armada Suicide front build order · Supreme Isthmus

The role's baseline: Bot Lab at 0:21 then straight into reclaim-fed T1 bot production to contest the middle and hold until T2 arrives, with an Advanced Metal Extractor around 9:45.

#rush · 2028 distinct matches · 233 players · 72% of Armada Suicide front games · team won 59% of 2406 · Recently observed

HOW TO PLAY IT

Key timing: Bot Lab by 0:20

  1. Open with mex and lab-first to get Bot Lab up by 0:20.
  2. Expand mex and wind while lab pumps units toward middle.
  3. Push Sentry and early Rocketeer, Centurion to contest middle.
  4. Get T2 constructor out once Pond's boost lets you spare metal.
  5. Upgrade mex to Advanced Metal Extractor as you transition off T1 spam.

Phase by phase

TYPICAL OF ITS 2028 GAMES
  1. 1
  2. 2
  3. 3
PLAY THE OPENING

Follow the example game's first 6:00 step by step: what to build now, what comes next, and where it goes. At 1× it keeps pace with your own game.

  1. 1

    Bot Lab first

    Order
    1. Bot LabBot Lab done ~0:24, middle half 0:20–0:33

    Some games also: mex (44%)

  2. 2

    Bot Lab to 5:00

    Economy
    • Metal Extractor5Mex
    • Wind Turbine4Wind
    Builders
    • Construction Bot3 Con bot
    • Lazarus2 Lazarus
    Army
    • Sentry4 Sentry
    • Rocketeer16 Rocketeer
    • Tick2 Tick
    • Centurion1 Centurion
    Other
    • Radar Tower1 Radar Tower

    Some games also: pawn (38%) · con turret (34%)

    By 5:00 in all: 5 mex · 4 wind

    The example game in this phase · 26 steps
    1. Wind
    2. LazarusLazarus
    3. Wind
    4. SentrySentry
    5. LazarusLazarus
    6. Mex
    7. CenturionCenturion
    8. Mex
    9. LazarusLazarus
    10. Mex
    11. CenturionCenturion
    12. Mex
    13. Construction BotCon bot
    14. SentrySentry
    15. Construction BotCon bot
    16. TickTick
    17. RocketeerRocketeer ×5
    18. LazarusLazarus
    19. RocketeerRocketeer ×2
    20. SentrySentry
    21. RocketeerRocketeer
    22. SentrySentry
    23. RocketeerRocketeer ×2
    24. TickTick
    25. LazarusLazarus
    26. RocketeerRocketeer ×3
  3. 3

    5:00 to 10:00

    Economy
    • Metal Extractor1Mex
    • Wind Turbine15Wind
    Builders
    • Construction Turret2 Con turret
    • Lazarus2 Lazarus
    • Construction Bot1 Con bot
    Army
    • Sentry1 Sentry
    • Rocketeer8 Rocketeer

    Some games also: pawn (49%) · Radar Tower (46%) · tick (45%) · centurion (44%) · energy storage (42%) · eat Bot Lab (31%)

    By 10:00 in all: 6 mex · 21 wind · 1 energy storage · 2 con turret

    The example game in this phase · 186 steps
    1. RocketeerRocketeer ×2
    2. TickTick
    3. LazarusLazarus
    4. RocketeerRocketeer ×2
    5. Con turret
    6. Radar TowerRadar Tower
    7. RocketeerRocketeer
    8. TickTick
    9. CenturionCenturion ×3
    10. LazarusLazarus
    11. CenturionCenturion
    12. RocketeerRocketeer
    13. Wind
    14. CenturionCenturion
    15. Wind
    16. CenturionCenturion
    17. RocketeerRocketeer
    18. Wind
    19. MaceMace
    20. Wind ×2
    21. RocketeerRocketeer
    22. Mex
    23. Wind
    24. MaceMace
    25. LazarusLazarus
    26. TickTick
    27. CenturionCenturion
    28. RocketeerRocketeer
    29. PawnPawn
    30. LazarusLazarus
    31. RocketeerRocketeer
    32. Construction BotCon bot
    33. TickTick
    34. CenturionCenturion
    35. Mex
    36. PawnPawn
    37. LazarusLazarus
    38. Construction BotCon bot
    39. TickTick
    40. CenturionCenturion
    41. Mex
    42. PawnPawn
    43. LazarusLazarus
    44. Construction BotCon bot
    45. Mex
    46. TickTick
    47. CenturionCenturion
    48. GruntGrunt ×3
    49. PawnPawn
    50. LazarusLazarus
    51. GruntGrunt ×2
    52. Construction BotCon bot
    53. Mex
    54. TickTick
    55. RocketeerRocketeer
    56. CenturionCenturion
    57. RocketeerRocketeer
    58. PawnPawn ×2
    59. LazarusLazarus
    60. SentrySentry
    61. Construction BotCon bot
    62. RocketeerRocketeer
    63. TickTick
    64. Wind
    65. CenturionCenturion
    66. PawnPawn ×2
    67. Wind
    68. PawnPawn
    69. SentrySentry
    70. LazarusLazarus
    71. Wind
    72. Construction BotCon bot
    73. RocketeerRocketeer
    74. Wind
    75. RocketeerRocketeer
    76. TickTick
    77. CenturionCenturion
    78. Wind
    79. RocketeerRocketeer
    80. Mex
    81. MaceMace
    82. PawnPawn
    83. Wind
    84. LazarusLazarus
    85. Mex
    86. Construction BotCon bot
    87. CenturionCenturion
    88. Wind
    89. Mex
    90. TickTick
    91. Wind
    92. CenturionCenturion
    93. MaceMace
    94. RocketeerRocketeer
    95. CenturionCenturion
    96. Wind
    97. PawnPawn
    98. LazarusLazarus
    99. RocketeerRocketeer
    100. Wind
    101. Construction BotCon bot
    102. TickTick
    103. Wind
    104. CenturionCenturion
    105. Wind
    106. PawnPawn
    107. LazarusLazarus
    108. CenturionCenturion
    109. Wind
    110. RocketeerRocketeer
    111. Construction BotCon bot
    112. PawnPawn
    113. TickTick
    114. Wind
    115. CenturionCenturion
    116. RocketeerRocketeer
    117. TickTick
    118. RocketeerRocketeer
    119. PawnPawn
    120. Wind
    121. PawnPawn
    122. LazarusLazarus
    123. Wind
    124. RocketeerRocketeer
    125. Construction BotCon bot
    126. RocketeerRocketeer ×2
    127. Wind
    128. TickTick
    129. RocketeerRocketeer ×2
    130. CenturionCenturion
    131. Wind
    132. RocketeerRocketeer
    133. PawnPawn
    134. RocketeerRocketeer
    135. LazarusLazarus
    136. RocketeerRocketeer
    137. Wind
    138. Construction BotCon bot ×2
    139. RocketeerRocketeer
    140. TickTick
    141. RocketeerRocketeer
    142. CenturionCenturion
    143. Wind
    144. PawnPawn
    145. RocketeerRocketeer
    146. Wind
    147. LazarusLazarus
    148. Construction BotCon bot
    149. Wind
    150. RocketeerRocketeer
    151. TickTick
    152. CenturionCenturion
    153. Wind ×2
    154. PawnPawn
    155. LazarusLazarus
    156. Wind
    157. RocketeerRocketeer
    158. Construction BotCon bot
    159. Advanced Metal ExtractorT2 mexdone 13:45 · typical 9:46
    160. RocketeerRocketeer
    161. Wind
    162. TickTick
    163. CenturionCenturion
    164. Wind ×2
    165. PawnPawn
    166. RocketeerRocketeer
    167. Wind
    168. LazarusLazarus
    169. RocketeerRocketeer
    170. Wind
    171. Construction BotCon bot
    172. Wind
    173. TickTick
    174. CenturionCenturion
    175. Wind ×2
    176. Advanced Metal ExtractorT2 mex
    177. PawnPawn
    178. Wind
    179. LazarusLazarus
    180. Wind
    181. Construction BotCon bot
    182. Wind
    183. RocketeerRocketeer
    184. TickTick
    185. Wind
    186. CenturionCenturion

Counts are medians over the build's games: half of them build more, half fewer. The example game is [Crd]HahnII's (31 OS, 12/10/2026); pick another.

Team trades

IN AT LEAST 30% OF ITS GAMES

You hand over

Nothing regular.

You get

  • Tidal Generator4 Tidal from Pondfirst at 0:10 · in 68% of games
  • Advanced Construction Bot1 T2 con bot from Geo or Techfirst at 7:41 · in 57% of games

How it plays out

Typical game of this build, running totals by minute

Metal produced

010k20k
0:005:0010:0015:00

metal

Enemy metal destroyed

05k10k
0:005:0010:0015:00

metal

Own metal lost

05k10k
0:005:0010:0015:00

metal

2406 games.

Show as table
ByMetal produced: This buildEnemy metal destroyed: This buildOwn metal lost: This build
1:0023000
2:0088700
3:002008184130
4:003109645501
5:00418413531000
6:00534721831707
7:00654330512589
8:00776039363499
9:00904646894375
10:001041253125161
11:001188958585966
12:001357864076686
13:001539668767455
14:001729675048213
15:001925281069007
WHAT THE NUMBERS SAY

Standard Suicide front play wins a bit over half its games while taking the heaviest own losses of any role by 15:00.

  • + Produces 20142 metal by 15:00, highest of the front roles.
  • + First kill by 2:01 in all games, fastest contest of middle.
  • − Own metal lost hits 9178 by 15:00, more than enemy metal destroyed.
  • − Only 34% Rocketeer share shows army spread thin across many bot types.
THE EXAMPLE YOU ARE READING

[Crd]HahnII

31.3 OS · 12/10/2026

Open source match ↗

7 received units
1278 metal received · 57739 energy received

Allied construction assistance is unknown. Timings are observations, not a promise of solo reproducibility.

Typical milestones

Bot Lab0:24Middle 50%: 0:20–0:33 · n=2398
Advanced Metal Extractor9:46Middle 50%: 8:50–10:58 · n=1738

Played most by

_X_262games of this buildPlatinumBlonde188games of this buildXad166games of this buildTrapCaT109games of this buildSoliloqueur81games of this build